 Dungeon Crawl Stone Soup version 0.28.0-43-g3370ac3207 (webtiles) character file.

Game seed: 846423286869471280

80 Ablot the Grasshopper (level 4, -2/38 HPs)
             Began as a Gnoll Warper on Mar 16, 2022.
             Killed from afar by an orc wizard (11 damage)
             ... with a puff of flame
             ... on level 2 of the Dungeon.
             The game lasted 00:02:53 (2828 turns).

Ablot the Grasshopper (Gnoll Warper)                Turns: 2828, Time: 00:02:53

Health: -2/38      AC:  3    Str: 13    XL:     4   Next: 39%
Magic:  11/11      EV: 12    Int: 12    God:
Gold:   106        SH:  0    Dex: 11    Spells: 11/13 levels left

rFire   . . .      SeeInvis .   a - +0 spear
rCold   . . .      Faith    .   (no shield)
rNeg    . . .      Spirit   .   b - +0 leather armour
rPois   .          Reflect  .   (no helmet)
rElec   .          Harm     .   (no cloak)
rCorr   .          Rampage  .   (no gloves)
Will    .....                   (no boots)
Stlth   +.........              (no amulet)
HPRegen 0.12/turn               (no ring)
MPRegen 0.12/turn               (no ring)

@: no status effects
A: fangs 1, strong nose, distributed training
a: no special abilities


You were on level 2 of the Dungeon.
You visited 1 branch of the dungeon, and saw 3 of its levels.

You collected 106 gold pieces.

Inventory:

Hand Weapons
 a - a +0 spear (weapon)
Missiles
 d - 8 boomerangs of dispersal
 e - 53 stones
 f - 4 poisoned darts (quivered)
 h - 24 arrows
 i - 2 throwing nets
Armour
 b - a +0 leather armour (worn)
Scrolls
 c - a scroll of blinking
 j - a scroll of magic mapping {unknown}
Potions
 g - a potion of degeneration {unknown}
 k - a potion of berserk rage {unknown}


   Skills:
 + Level 4.6 Fighting
 + Level 1.1 Short Blades
 + Level 1.1 Long Blades
 + Level 1.1 Axes
 + Level 1.1 Maces & Flails
 + Level 4.6 Polearms
 + Level 1.1 Staves
 + Level 1.1 Slings
 + Level 1.1 Bows
 + Level 1.1 Crossbows
 + Level 2.7 Throwing
 + Level 2.7 Armour
 + Level 4.6 Dodging
 + Level 1.1 Stealth
 + Level 1.1 Shields
 + Level 1.1 Unarmed Combat
 + Level 5.1 Spellcasting
 + Level 0.9 Conjurations
 + Level 0.9 Hexes
 + Level 0.9 Summonings
 + Level 0.9 Necromancy
 + Level 5.4 Translocations
 + Level 0.9 Transmutations
 + Level 0.9 Fire Magic
 + Level 0.9 Ice Magic
 + Level 0.9 Air Magic
 + Level 0.9 Earth Magic
 + Level 0.9 Poison Magic
 + Level 1.2 Invocations
 + Level 1.1 Evocations


You had 11 spell levels left.
You knew the following spells:

 Your Spells              Type           Power      Damage    Failure   Level
a - Blink                 Tloc           32%        N/A       4%          2

Your spell library contained the following spells:

 Spells                   Type           Power      Damage    Failure   Level
 Gell's Gravitas          Tloc           16%        N/A       8%          3
 Lesser Beckoning         Tloc           16%        N/A       8%          3
 Teleport Other           Tloc           16%        N/A       8%          3
 Manifold Assault         Tloc           16%        N/A       58%         5


Dungeon Overview and Level Annotations

Branches:
Dungeon (3/15)

Altars:


Innate Abilities, Weirdness & Mutations

You have very sharp teeth.
Your uncanny sense of smell can sniff out nearby items.
Your experience applies equally to all skills.


Message History

Things that are here:
a +0 club; an orc corpse You start resting.
HP restored.
There is a stone staircase leading down, spattered with blood here.
You climb downwards.
The orc hits you from afar with a +0 trident.
There is a stone staircase leading up here.
Unknown command.
The orc wizard barely misses you. The orc barely misses you.
There is a stone staircase leading up here.
The orc closely misses you.
You climb upwards.
There is a stone staircase leading down, spattered with blood here.
You closely miss the orc wizard. Your bite misses the orc wizard.
The orc wizard casts a spell at you. The magic dart hits you!
You hit the orc wizard but do no damage.
The orc wizard gestures at you while chanting.
The magic dart hits you!
You hit the orc wizard but do no damage.
The orc wizard hits you with a +0 dagger.
You hit the orc wizard.
The orc wizard is moderately wounded.
The orc wizard closely misses you.
You closely miss the orc wizard.
The orc wizard is moderately wounded.
The orc wizard gestures at you while chanting.
The puff of flame hits you!
* * * LOW HITPOINT WARNING * * *
You hit the orc wizard.
The orc wizard is heavily wounded.
You hit the orc wizard but do no damage.
The orc wizard is heavily wounded.
The orc wizard barely misses you.
You hit the orc wizard.
The orc wizard is severely wounded.
The orc wizard casts a spell at you. The puff of flame hits you!
You die...

#.....##.....÷####....
#......'......'.......
#####.##......#..÷....
#.##......#.######
#.##......#.# ####
#.##......#.# #...
#.##......#.# #...
#.##......#.###...
#@o...............
#[#########.#..... #.#
#.#..... #.# #.#.....
#.# #.#.....
##'#########'#.....
#..................
#..................
#..................


You could see an orc wizard.

Vanquished Creatures
  Terence (D:2)
  2 adders (D:2)
  A worm (D:2)
  2 dart slugs
  2 orcs (D:2)
  2 ball pythons (D:1)
  3 endoplasms (D:2)
  2 giant cockroaches (D:2)
  2 hobgoblins
  2 jackals (D:1)
  2 quokkas
  2 frilled lizards (D:1)
  2 kobolds (D:1)
  3 rats
28 creatures vanquished.

Vanquished Creatures (others)
  A plant (D:3)
1 creature vanquished.

Grand Total: 29 creatures vanquished

Notes
Turn   | Place    | Note
-------+----------+-------------------------------------------
     0 | D:1      | Ablot the Gnoll Warper began the quest for the Orb.
     0 | D:1      | Reached XP level 1. HP: 20/20 MP: 6/6
   162 | D:1      | Reached XP level 2. HP: 26/26 MP: 7/7
   165 | D:1      | Learned a level 2 spell: Blink
   468 | D:1      | Found a faded altar of an unknown god.
   860 | D:2      | Reached XP level 3. HP: 15/31 MP: 9/9
  1041 | D:2      | Reached skill level 5 in Spellcasting
  1150 | D:2      | Noticed Terence
  1486 | D:2      | Reached skill level 1 in Invocations
  1893 | D:2      | Killed Terence
  1894 | D:2      | Reached skill level 1 in Short Blades
  1894 | D:2      | Reached skill level 1 in Long Blades
  1894 | D:2      | Reached skill level 1 in Axes
  1894 | D:2      | Reached skill level 1 in Maces & Flails
  1894 | D:2      | Reached skill level 1 in Staves
  1894 | D:2      | Reached skill level 1 in Slings
  1894 | D:2      | Reached skill level 1 in Bows
  1894 | D:2      | Reached skill level 1 in Crossbows
  1894 | D:2      | Reached skill level 1 in Stealth
  1894 | D:2      | Reached skill level 1 in Shields
  1894 | D:2      | Reached skill level 1 in Unarmed Combat
  1894 | D:2      | Reached skill level 1 in Evocations
  1894 | D:2      | Reached XP level 4. HP: 7/38 MP: 8/11
  2828 | D:2      | Killed from afar by an orc wizard

Illustrated notes

Levels and vault maps discovered:
D:1:      minmay_arrival_split_and_join, layout_basic,
          ebering_ecumenical_altar_webs
D:2:      layout_basic, uniq_terence
D:3:      layout_loops_cross, ebering_ghost_sewer_d, hangedman_glass_teeth,
          serial_bayou_pond_a

Skill      XL: |  1  2  3 |
---------------+----------+-----
Spellcasting   | 5 |  5.1
Invocations    | 1 |  1.2
Short Blades   | 1 |  1.1
Long Blades    | 1 |  1.1
Axes           | 1 |  1.1
Maces & Flails | 1 |  1.1
Staves         | 1 |  1.1
Slings         | 1 |  1.1
Bows           | 1 |  1.1
Crossbows      | 1 |  1.1
Stealth        | 1 |  1.1
Shields        | 1 |  1.1
Unarmed Combat | 1 |  1.1
Evocations     | 1 |  1.1
Fighting       | |  4.6
Polearms       | |  4.6
Throwing       | |  2.7
Armour         | |  2.7
Dodging        | |  4.6
Conjurations   | |  0.9
Hexes          | |  0.9
Summonings     | |  0.9
Necromancy     | |  0.9
Translocations | |  5.4
Transmutations | |  0.9
Fire Magic     | |  0.9
Ice Magic      | |  0.9
Air Magic      | |  0.9
Earth Magic    | |  0.9
Poison Magic   | |  0.9

Action                   |  1- 3 |  4- 6 || total
-------------------------+-------+-------++-------
Melee: Spear             |   103 |    37 ||   140
       Bite              |    12 |     4 ||    16
Throw: Dart              |     8 |       ||     8
 Cast: Blink             |     3 |       ||     3
 Stab: Sleeping          |     1 |       ||     1
Armor: Leather armour    |    17 |     4 ||    21
Dodge: Dodged            |    53 |    26 ||    79
